 Dungeon Crawl Stone Soup version 0.26-a0-649-gf8c6c3aab7 (webtiles) character file.

Game seed: 1513073020101108879

2191 Arvaildir the Geomancer (level 9, -4/45 HPs)
             Began as a Gargoyle Earth Elementalist on Sept 26, 2020.
             Slain by a small abomination (9 damage)
             ... while paralysed by a wizard
             ... on level 6 of the Dungeon.
             The game lasted 00:14:12 (8600 turns).

Arvaildir the Geomancer (GrEE)                      Turns: 8600, Time: 00:14:13

Health: -4/45      AC:  9    Str: 12    XL:     9   Next: 33%
Magic:  9/19       EV:  2    Int: 19    God:
Gold:   346        SH:  0    Dex: 10    Spells: 12/21 levels left

rFire    . . .     SeeInvis .   d - +5 dagger (freeze)
rCold    . . .     Faith    .   (no shield)
rNeg     + . .     Spirit   .   c - +0 robe
rPois    ∞         Reflect  .   (no helmet)
rElec    +         Harm     .   (no cloak)
rCorr    .         Rampage  .   (no gloves)
MR       +....                  f - +0 pair of boots
Stlth    ++........             (no amulet)
HPRegen  0.15/turn              k - ring of protection from magic
MPRegen  0.16/turn              (no ring)

@: paralysed
A: negative energy resistance 1, electricity resistance, unbreathing,
petrification resistance, rot immunity, AC +6
a: no special abilities


You were on level 6 of the Dungeon.
You visited 2 branches of the dungeon, and saw 7 of its levels.

You collected 346 gold pieces.

Inventory:

Hand Weapons
 d - a +5 dagger of freezing (weapon)
 y - a +2 flail of protection
Missiles
 b - 120 stones (quivered)
Armour
 c - a +0 robe (worn)
 f - a +0 pair of boots (worn)
Magical Staves
 i - an uncursed staff of fire {unknown}
Jewellery
 k - a ring of protection from magic (left hand)
Wands
 r - a wand of polymorph (6)
 w - a wand of random effects (20)
Scrolls
 h - 2 scrolls of teleportation
 q - 2 scrolls of amnesia
 s - a scroll of magic mapping
 x - a scroll of remove curse
Potions
 e - a potion of haste
 g - 2 potions of heal wounds
 l - 2 potions of lignification
 m - 2 potions of curing
 n - a potion of magic
 o - 2 potions of brilliance
 p - a potion of stabbing {unknown}
 t - 2 potions of cancellation
 u - a potion of ambrosia {unknown}
 v - a potion of invisibility {unknown}


   Skills:
 + Level 0.1 Fighting
 + Level 0.1 Maces & Flails
 + Level 0.0 Armour
 + Level 1.5 Dodging
 - Level 2.1 Stealth
 + Level 6.7 Spellcasting
 + Level 7.2 Conjurations
   Level 0.7 Transmutations
 + Level 9.2 Earth Magic
 + Level 0.0 Evocations


You had 12 spell levels left.
You knew the following spells:

 Your Spells              Type           Power        Failure   Level
a - Sandblast             Erth           #####.       1%          1
b - Stone Arrow           Conj/Erth      #####.       1%          3
c - Lee's Rapid Deconstr  Erth           #####.....   6%          5

Your spell library contained the following spells:

 Spells                   Type           Power        Failure   Level
 Passwall                 Tmut/Erth      ####....     1%          2
 Petrify                  Tmut/Erth      ####....     13%         4
 Iskenderun's Battlesphe  Conj           ####....     14%         5
 Bolt of Magma            Conj/Fire/Erth ####......   30%         5
 Iron Shot                Conj/Erth      #####.....   47%         6
 Orb of Destruction       Conj           ####......   99%         7
 Spellforged Servitor     Conj/Summ      ###.......   100%        7


Dungeon Overview and Level Annotations

Branches:
Dungeon (6/15)             Temple (1/1) D:5

Altars:
Ashenzari
Cheibriados
Dithmenos
Elyvilon
Fedhas
Gozag
Hepliaklqana
Kikubaaqudgha
Makhleb
Nemelex Xobeh
Okawaru
Qazlal
Ru
Sif Muna
Trog
Uskayaw
Wu Jian
Xom
Yredelemnul
Zin
The Shining One

Portals:
Abyss: D:6

Annotations:
D:6 1 transporter, brujo666's ghost, weakling DsDe


Innate Abilities, Weirdness & Mutations

You are resistant to torment.
Your stone body is resilient. (AC +6)
You are immune to poison.
You resist negative energy. (rN+)
You are resistant to electric shocks. (rElec)
You can survive without breathing.
You are immune to petrification.
You are immune to rotting.


Message History

The spell is quite dangerous to cast (6% risk of failure)!
Continue anyway?
Aiming: Lee's Rapid Deconstruction (quite dangerous; 6% risk of failure)
Press: ? - help, Dir - move target cursor A rock wall.
The wall shatters!
The blast of rock fragments hits the small abomination.
The small abomination is severely damaged.
The blast of rock fragments hits the wizard!!
The wizard is almost dead.
The blast of rock fragments hits the orc warrior.
The orc warrior is lightly wounded.
The small abomination hits you! The wizard casts a spell at you.
You suddenly lose the ability to move!
The small abomination hits you!
* * * LOW HITPOINT WARNING * * *
The wizard hits you with a +0 dagger.
* * * LOW HITPOINT WARNING * * *
The small abomination hits you but does no damage.
The small abomination hits you!
You die...

##################
##.....#..........#
##........##.......#
#..###.......####..#
#.##©###...###..#..#
#.#.####..##∩..##..##
#.##@xo####.#^o#....#
#..##p#....#.#.##...#
##..##....##..#.##...
##...#.##.©.###.x#.##
##..###...###..#.##..#
#..##...###©##..##....
#.)#...##....#x.##....
#.)#^.##...#### .##.#.
#..##.##..##..###.#.#.


You could see a wizard, an orc warrior and a small abomination.

Vanquished Creatures
  Sigmund (D:2)
  Eustachio (D:4)
  An ice beast (D:5)
  3 sky beasts
  2 phantoms
  3 ogres
  A centaur (D:5)
  A bullfrog (D:6)
  3 scorpions
  5 hounds
  A jelly (D:2)
  A centaur skeleton (D:5)
  2 orc priests (D:4)
  Jessica (D:3)
  3 iguanas
  Natasha (twice) (D:2)
  4 orc wizards
  A worker ant (D:4)
  2 gnolls (D:1)
  16 adders
  2 shadow imps (D:5)
  A white imp (D:5)
  2 ufetubi
  An ooze (D:1)
  3 worms
  4 dart slugs
  5 leopard geckos
  12 orcs
  A ball python (D:1)
  4 giant cockroaches
  8 goblins
  4 hobgoblins
  3 jackals (D:4)
  3 quokkas
  4 bats
  4 frilled lizards
  9 kobolds
  6 rats
130 creatures vanquished.

Notes
Turn   | Place    | Note
-------+----------+-------------------------------------------
     0 | D:1      | Arvaildir the Gargoyle Earth Elementalist began the quest
                  | for the Orb.
     0 | D:1      | Reached XP level 1. HP: 10/10 MP: 3/3
   295 | D:1      | Reached skill level 4 in Earth Magic
   295 | D:1      | Reached XP level 2. HP: 15/15 MP: 3/5
   544 | D:1      | Reached XP level 3. HP: 19/19 MP: 6/6
   549 | D:1      | Learned a level 3 spell: Stone Arrow
   993 | D:2      | Found a blossoming altar of Fedhas.
  1181 | D:2      | Reached skill level 1 in Conjurations
  1181 | D:2      | Reached XP level 4. HP: 21/24 MP: 5/8
  1488 | D:2      | Reached skill level 5 in Earth Magic
  1527 | D:2      | Noticed Sigmund
  1714 | D:2      | Reached XP level 5. HP: 28/28 MP: 5/9
  1955 | D:2      | Killed Sigmund
  1955 | D:2      | Reached XP level 6. HP: 32/32 MP: 6/11
  2411 | D:2      | Noticed Natasha
  2416 | D:2      | Killed Natasha
  2489 | D:2      | Noticed Natasha
  2498 | D:2      | Killed Natasha
  2716 | D:2      | Reached skill level 6 in Earth Magic
  3212 | D:3      | Noticed Jessica
  3216 | D:3      | Killed Jessica
  3566 | D:3      | Reached XP level 7. HP: 13/36 MP: 2/13
  3836 | D:3      | Found a shimmering altar of Xom.
  3838 | D:3      | Found a glowing silver altar of Zin.
  3838 | D:3      | Noticed an angel
  4199 | D:3      | Found a hide-covered altar of Uskayaw.
  4200 | D:3      | Found a sacrificial altar of Ru.
  4201 | D:3      | Found an iron altar of Okawaru.
  4959 | D:4      | Reached skill level 7 in Earth Magic
  5164 | D:4      | Noticed Eustachio
  5184 | D:4      | Killed Eustachio
  5184 | D:4      | Reached skill level 5 in Spellcasting
  5184 | D:4      | Reached skill level 5 in Conjurations
  5184 | D:4      | Reached XP level 8. HP: 27/41 MP: 15/15
  5368 | D:4      | Found a stormy altar of Qazlal.
  5370 | D:4      | Found a basalt altar of Yredelemnul.
  5581 | D:4      | Found an ornate altar of the Wu Jian Council.
  6096 | D:5      | Entered Level 5 of the Dungeon
  6228 | D:5      | Learned a level 5 spell: Lee's Rapid Deconstruction
  6446 | D:5      | Found a staircase to the Ecumenical Temple.
  6458 | Temple   | Entered the Ecumenical Temple
  6548 | D:5      | Reached skill level 8 in Earth Magic
  7456 | D:6      | Reached XP level 9. HP: 35/45 MP: 18/18
  7553 | D:6      | Found an ancient bone altar of Kikubaaqudgha.
  7594 | D:6      | Found an opulent altar of Gozag.
  7713 | D:6      | Reached skill level 9 in Earth Magic
  8317 | D:6      | Noticed a wizard
  8496 | D:6      | Noticed brujo666's ghost (weakling DsDe)
  8503 | D:6      | Found a transporter.
  8526 | D:6      | Noticed an ancient zyme
  8528 | D:6      | Found a one-way gate to the infinite horrors of the Abyss.
  8544 | D:6      | Found a transporter.
  8598 | D:6      | Paralysed by a wizard for 5 turns
  8600 | D:6      | Slain by a small abomination

Illustrated notes

Levels and vault maps discovered:
D:1:      ncdulo_lavacross, layout_basic, st_stairs_12
D:2:      lemuel_upstairs_altar, layout_rooms, fedhas_altar_2, uniq_natasha,
          uniq_sigmund
D:3:      cheibrodos_helix_gallery, layout_loops_ring,
          grunt_temple_overflow_order_and_chaos_1, minitemple,
          minmay_misc_feat_square, uniq_jessica
D:4:      layout_layer_cave, kennysheep_mini_moat,
          chequers_temple_overflow_statue_of_worship, uniq_eustachio
D:5:      layout_loops_ring, minmay_temple_entry_sparse_star
D:6:      layout_cave_pools, lemuel_round_altar, kiku_gazebo_pond_becter,
          nicolae_overflow_crystal_walls, gammafunk_ghost_abyssal_escape
Temple:   zaba_magenta_temple

Skill      XL: |  1  2  3  4  5  6  7  8  9 |
---------------+----------------------------+-----
Earth Magic    | 4 5 6 7 8 9 |  9.2
Spellcasting   | 3 4 5 6 |  6.7
Conjurations   | 1 3 5 6 7 |  7.2
Fighting       | |  0.1
Maces & Flails | |  0.1
Dodging        | |  1.5
Stealth        | |  2.1
Transmutations | |  0.7

Action                   |  1- 3 |  4- 6 |  7- 9 || total
-------------------------+-------+-------+-------++-------
Melee: Club              |    51 |     3 |       ||    54
       Unarmed           |    11 |       |       ||    11
       Dagger            |       |   213 |   262 ||   475
 Cast: Sandblast         |    15 |    31 |    32 ||    78
       Stone Arrow       |       |     9 |    13 ||    22
       Lee's Rapid Decon |       |       |     4 ||     4
  Use: Scroll            |       |    10 |     4 ||    14
 Stab: Sleeping          |       |       |     2 ||     2
Armor: Robe              |    27 |    89 |   113 ||   229
Dodge: Dodged            |    57 |   170 |   146 ||   373

Table legend: (Time is in decaauts)
 A = Elapsed time spent in this place.
 B = Non-inter-level travel time spent in this place.
 C = Inter-level travel time spent in this place.
 D = Time resting spent in this place.
 E = Time spent auto-exploring this place.
 F = Levels seen in this place.
 G = Mean time per level.
                   A        B        C        D        E       F      G
               +--------+--------+--------+--------+--------+-----+--------+
         Total |   8615 |   8168 |    447 |   1846 |   4848 |   7 | 1230.7 |
       Dungeon |   8538 |   8110 |    428 |   1846 |   4791 |   6 | 1423.0 |
        Temple |     76 |     57 |     19 |      0 |     57 |   1 |   76.0 |
               +--------+--------+--------+--------+--------+-----+--------+

Top non-repeatable levels by time:
     D:2: 1896 daAuts
     D:4: 1668 daAuts
     D:3: 1354 daAuts
     D:5: 1248 daAuts
     D:1: 1192 daAuts
     D:6: 1178 daAuts
  Temple: 76 daAuts
